 Dungeon Crawl Stone Soup version 0.24-a0-434-gd57e52f (webtiles) character file.

Game seed: 853327122309044929

26 pikmin25 the Ruffian (level 2, -2/23 HPs)
             Began as a Draconian Transmuter on June 15, 2019.
             Slain by a leopard gecko (3 damage)
             ... on level 2 of the Dungeon.
             The game lasted 00:02:12 (645 turns).

pikmin25 the Ruffian (Draconian Transmuter)          Turns: 645, Time: 00:02:12

Health: -2/23      AC:  4    Str: 12    XL:     2   Next: 89%
Magic:  5/5        EV: 12    Int: 13    God:
Gold:   77         SH:  0    Dex: 11    Spells: 4/5 levels left

rFire    . . .     SeeInvis .     - Unarmed
rCold    . . .     Gourm    .   (no shield)
rNeg     . . .     Faith    .   (armour unavailable)
rPois    .         Spirit   .   (helmet restricted)
rElec    .         Reflect  .   (no cloak)
rCorr    .         Harm     .   (no gloves)
MR       .....                  (no boots)
Stlth    +.........             (no amulet)
HPRegen  0.07/turn              (no ring)
MPRegen  0.09/turn              (no ring)

@: no status effects
A: unfitting armour, cold-blooded, AC +4
a: no special abilities


You were on level 2 of the Dungeon.
You were not hungry.

You visited 1 branch of the dungeon, and saw 2 of its levels.

You collected 77 gold pieces.

Inventory:

Hand Weapons
 b - a +0 mace
Missiles
 a - 12 arrows
Scrolls
 e - a scroll of enchant weapon {unknown}
 f - a scroll of remove curse {unknown}
 g - a scroll of enchant armour {unknown}
Potions
 d - a potion of haste {unknown}
Comestibles
 c - 7 rations
 h - 2 chunks of flesh


   Skills:
 + Level 1.3 Fighting
 + Level 2.0 Dodging
 + Level 3.5 Unarmed Combat
 + Level 2.3 Spellcasting
 + Level 2.1 Transmutations


You had 4 spell levels left.
You knew the following spells:

 Your Spells              Type           Power        Failure   Level  Hunger
a - Beastly Appendage     Tmut           #.....       11%         1    #......

Your spell library contained the following spells:

 Spells                   Type           Power        Failure   Level  Hunger
 Sticks to Snakes         Tmut           #.......     16%         2    ###....
 Spider Form              Tmut/Pois      #.........   43%         3    ###....
 Ice Form                 Ice/Tmut       #.......     85%         4    #####..
 Blade Hands              Tmut           #.........   96%         5    ######.


Dungeon Overview and Level Annotations

Branches:
Dungeon (2/15)

Altars:
Ru


Innate Abilities, Weirdness & Mutations

Your plain brown scales are hard. (AC +4)
You cannot fit into any form of body armour.
You are cold-blooded and may be slowed by cold attacks.


Message History

The bat barely misses you. The bat hits you.
* * * LOW HITPOINT WARNING * * *
The bat hits you but does no damage. The bat hits you.
* * * LOW HITPOINT WARNING * * *
The bat closely misses you. The bat closely misses you.
You see here a ration.
The bat barely misses you. The bat closely misses you.
The bat closely misses you. The bat hits you.
* * * LOW HITPOINT WARNING * * *
The bat hits you but does no damage. The bat barely misses you.
The bat closely misses you.
You hit the bat.
The bat is severely wounded.
The bat closely misses you. The leopard gecko bites you.
You die...

....###.#.#####.##.#####.#
#####.g.........##%## #
#.#....######...# #
#.#.............####.# #
#.##...######........# ##
#.###.## ##rb###### .# #g#
#.# #..# .# ##.###.#
####..# .###.g.##.#
#.@lb.# .....#....#
#.##..# ..##...##.# #.
#..# ..###.###.# ## ####
..# #.# #.# ..# ... .>.
..###..##.## ..# ##.##..
..####.# ..


You could see a leopard gecko and a bat.

Vanquished Creatures
  An ooze (D:2)
  2 dart slugs (D:1)
  5 bats
  A giant cockroach (D:2)
  2 goblins (D:1)
  A hobgoblin (D:2)
  2 kobolds
  2 frilled lizards (D:1)
  2 rats
18 creatures vanquished.

Notes
Turn   | Place    | Note
-------+----------+-------------------------------------------
     0 | D:1      | pikmin25 the Draconian Transmuter began the quest for the
                  | Orb.
     0 | D:1      | Reached XP level 1. HP: 16/16 MP: 3/3
   178 | D:1      | Reached XP level 2. HP: 21/23 MP: 5/5
   579 | D:2      | Found a sacrificial altar of Ru.
   640 | D:2      | HP: 1/23 [bat (1)]
   645 | D:2      | Slain by a leopard gecko

Levels and vault maps discovered:
D:1:      dpeg_arrival_round_c, layout_basic, minmay_tetromino_l4
D:2:      layout_loops_ring, lemuel_blue_sif_altar, nicolae_ru_awakened_eye,
          uniq_crazy_yiuf_cottage, uniq_robin

Skill      XL: |  1  2 |
---------------+-------+-----
Dodging        | 2 |  2.0
Fighting       | |  1.3
Unarmed Combat | |  3.5
Spellcasting   | |  2.3
Transmutations | |  2.1

Action                   || total
-------------------------++-------
Melee: Unarmed           ||    52
       Punch             ||     1
       Kick              ||     5
       Tailslap          ||     4
 Cast: Beastly Appendage ||     6
 Stab: Sleeping          ||     1
Armor: Skin              ||    35
Dodge: Dodged            ||    82

Table legend:
 A = Non-vault XP
 B = Vault XP
 C = Vault XP percentage of total XP
 D = Non-vault monster count
 E = Vault monster count
 F = Vault count percentage of total count
                 A         B        C        D         E       F
            +---------+---------+-------+---------+---------+-------
      Total |      36 |       2 |   5.3 |      17 |       1 |   5.6
            +---------+---------+-------+---------+---------+-------
        D:1 |      21 |       2 |   8.7 |      11 |       1 |   8.3
        D:2 |      15 |       0 |   0.0 |       6 |       0 |   0.0
            +---------+---------+-------+---------+---------+-------
